AoeStats
← eyupfc

Nomad

508296878Analyzed
4v4 RM · 11d ago on Sep 21, 2026· 39m 59s· 8 players
Game mode
Random Map
Map size
231×231
Population
200
Speed
Normal
Resources
Standard
Victory
Conquest
Starting age
Dark Age
Ending age
Imperial Age
RankedLock teamsTeams togetherTeam positionsShared explorationLock speedFull tech treeHidden civsTurbo modeCheats
Victory
Defeat
🇨🇱 Malians · Chile
1178
+16
🇦🇷 Maya · Argentina
1160
+17
🇵🇪 Georgians · Peru
1157
+17
🇪🇸 Huns · Spain
1139
+17
🇲🇦 Mongols · Morocco
1195
-18
🇹🇷 Vietnamese · Türkiye
1182
-17
🇹🇷 Berbers · Türkiye
1162
-16
🇹🇷 Huns · Türkiye
1150
-16
BS | DESTRAKER
5:14 Loom
14:16 Feudal Age
15:57 Double-Bit Axe
19:39 Castle Age
20:44 Bow Saw
20:43 Gold Mining
21:40 Bloodlines
24:27 Wheelbarrow
24:52 Stone Mining
26:13 Horse Collar
27:49 Forging
27:45 Scale Barding Armor
32:19 Fletching
33:52 Iron Casting
34:05 Hand Cart
36:42 Svan Towers
mangolocoaoe2
3:33 Loom
13:17 Feudal Age
13:25 Man-at-Arms
14:50 Fletching
17:59 Wheelbarrow
22:20 Castle Age
21:29 Padded Archer Armor
22:18 Double-Bit Axe
22:24 Crossbowman
23:04 Bodkin Arrow
23:32 Pikeman
27:55 Town Watch
30:03 Bow Saw
30:34 Bloodlines
30:25 Husbandry
36:22 Ballistics
41:29 Imperial Age
The Goat
3:22 Loom
13:46 Feudal Age
17:50 Castle Age
17:06 Fletching
17:50 Double-Bit Axe
19:04 Bodkin Arrow
20:49 Padded Archer Armor
25:45 Horse Collar
32:24 Ballistics
33:10 Bow Saw
38:07 Imperial Age
37:35 Leather Archer Armor
37:09 Town Watch
39:16 Wheelbarrow
38:43 Heavy Plow
agirrezt
10:53 Loom
15:36 Feudal Age
19:43 Castle Age
19:54 Scale Barding Armor
19:59 Forging
20:02 Bloodlines
19:44 Gold Mining
23:46 Wheelbarrow
25:08 Double-Bit Axe
25:59 Chain Barding Armor
31:10 Marauders
32:00 Iron Casting
32:03 Horse Collar
36:49 Imperial Age
34:39 Hand Cart
34:12 Town Watch
37:30 Elite Tarkan
39:38 Plate Barding Armor
39:58 Gold Shaft Mining
39:30 Heavy Plow
40:44 Blast Furnace
DeepBlue_
7:59 Loom
12:56 Feudal Age
14:43 Double-Bit Axe
17:29 Wheelbarrow
18:46 Fletching
21:40 Castle Age
22:50 Bow Saw
22:21 Horse Collar
24:02 Stone Mining
27:15 Gold Mining
28:33 Scale Barding Armor
31:06 Bodkin Arrow
33:34 Hand Cart
33:07 Town Watch
38:03 Imperial Age
37:39 Gold Shaft Mining
37:49 Heavy Plow
38:21 Elite Mangudai
39:04 Bracer
39:05 Padded Archer Armor
KingMoonborn
6:28 Loom
14:44 Feudal Age
15:23 Double-Bit Axe
19:04 Castle Age
17:57 Stone Mining
18:52 Fishing Lines
21:01 Fletching
22:32 Padded Archer Armor
22:34 Bodkin Arrow
22:40 Padded Archer Armor
27:39 Bow Saw
eyupfc
3:30 Loom
14:54 Feudal Age
15:26 Double-Bit Axe
15:22 Horse Collar
15:32 Fishing Lines
23:37 Castle Age
24:32 Wheelbarrow
24:44 Bow Saw
26:53 Bloodlines
27:02 Bloodlines
29:22 Husbandry
35:50 Heavy Plow
37:41 Scale Barding Armor
37:51 Forging
isik.cemil
15:16 Feudal Age
13:32 Loom
14:24 Loom
20:16 Loom
23:32 Castle Age
22:21 Fishing Lines
22:28 Double-Bit Axe
22:24 Horse Collar
29:07 Fletching
29:18 Padded Archer Armor
29:31 Bow Saw
29:23 Heavy Plow
29:15 Gold Mining
32:25 Gold Shaft Mining
35:51 Town Watch
38:20 Elite Skirmisher
39:05 Thumb Ring
Connection lost

Rejoining the realm…

Still unreachable

The connection could not be restored.

Session expired

The server has moved on; the page needs a fresh start.